 Dungeon Crawl Stone Soup version 0.31-a0-202-g547052bce9 (webtiles) character file.

Game seed: 15296914713102649518

427 qw the Skirmisher (level 6, -6/38 HPs)
             Began as a Deep Elf Hunter on June 25, 2023.
             Mangled by an ogre
             ... wielding a +0 giant club
              (12 damage)
             ... on level 4 of the Dungeon.
             The game lasted 00:01:12 (2408 turns).

qw the Skirmisher (Deep Elf Hunter)                 Turns: 2408, Time: 00:01:12

Health: -6/38      AC: 11    Str: 16    XL:     6   Next: 65%
Magic:  8/8        EV: 11    Int: 14    God:
Gold:   288        SH:  0    Dex: 18    Spells: 5/5 levels left

rFire   . . .        Y - +0 shortbow (elec)
rCold   + + .        (shield currently unavailable)
rNeg    . . .        c - +0 ice dragon scales
rPois   .            (helmet restricted)
rElec   .            (no cloak)
rCorr   .            (no gloves)
SInv    .            (no boots)
Will    .....        d - amulet of faith Stlth
                     a - +6 ring of strength
HPRegen 0.26/turn    (no ring)
MPRegen 0.11/turn

%: faith
@: no status effects
A: antennae 1, iridescent scales 1, fire resistance 1, robust 1, wild magic 1
a: no special abilities


You were on level 4 of the Dungeon.
You visited 1 branch of the dungeon, and saw 4 of its levels.

You collected 288 gold pieces.


Innate Abilities, Weirdness & Mutations

You have a pair of small antennae on your head.
You are partially covered in iridescent scales. (AC +2)
Your flesh is heat resistant. (rF+)
You are robust. (+10% HP)
Your spells are a little harder to cast, but a little more powerful.


   Skills:
 - Level 2.0 Fighting
 + Level 9.1 Ranged Weapons
 - Level 1.7 Armour
 - Level 4.2 Dodging
 - Level 1.2 Stealth


You had 5 spell levels left.
You didn't know any spells.
Your spell library was empty.

Inventory:

Hand Weapons
 Y - a +0 shortbow of electrocution (weapon)
Armour
 c - +0 ice dragon scales (worn)
 e - a +0 ring mail
Jewellery
 a - a +6 ring of strength (left hand)
 d - an amulet of faith (around neck)
Scrolls
 g - a scroll of identify
Potions
 b - a potion of mutation
 f - a potion of enlightenment {unknown}
 h - a potion of curing {unknown}
 i - a potion of brilliance {unknown}

Dungeon Overview and Level Annotations

Branches:
Dungeon (4/15)
 Temple: D:4-7

Altars:
Ashenzari
Dithmenos
Hepliaklqana
Makhleb
Trog
Vehumet

Annotations:
D:3 2 transporters, qw's ghost, amateur DEHu


Message History

You shoot an arrow. The arrow hits the goblin.
You kill the goblin!
There is a stone staircase leading down here.
A kobold comes into view. It is wielding a +0 club.
The kobold shouts!
An ogre comes into view. It is wielding a +0 giant club.
Enter note:
Enter note:
Enter note:
Enter note:
Enter note:
Enter note:
Enter note:
Enter note:
Enter note:
Enter note:
Enter note:
Enter note:
Enter note: You shoot an arrow.
The arrow closely misses the kobold.
You shoot an arrow.
The arrow hits the kobold but does no damage.
You shoot an arrow. The arrow hits the kobold!
Lightning courses through the kobold!
You kill the kobold!
You shoot an arrow. The arrow barely misses the ogre.
You shoot an arrow. The arrow hits the ogre!
The ogre is moderately wounded.
You shoot an arrow. The arrow completely misses the ogre.
The ogre barely misses you.
You shoot an arrow. The arrow hits the ogre!
The ogre is heavily wounded.
The ogre closely misses you.
You shoot an arrow. The arrow barely misses the ogre.
The ogre hits you with a +0 giant club!!
Ouch! That really hurt!
You shoot an arrow. The arrow completely misses the ogre.
You shoot an arrow. The arrow barely misses the ogre.
The ogre hits you with a +0 giant club!
You die...

.. #.........
............ #........
.......##.####........
#......##.##.#........
#....)..........>..#..
##...........#...#.###.
#.......#....##.###....
#....O..#^##...........
##....@##..............
#.......#..#...##......
#...............#......
..................#.....
#................###....
##....#.....##...# ##...
##...#.....#....# ##...
###.....#.. ...###....
##....#..# ..##.....


You could see an ogre.

Vanquished Creatures
  A black bear (D:4)
  An ogre (D:4)
  An orc priest (D:4)
  6 gnolls
  8 adders
  2 worms
  3 dart slugs
  5 orcs
  4 ball pythons
  6 endoplasms
  5 giant cockroaches
  4 goblins
  10 hobgoblins
  3 jackals (D:2)
  2 quokkas
  4 bats
  3 frilled lizards
  12 kobolds
  3 rats
83 creatures vanquished.

Notes
Turn   | Place    | Note
-------+----------+-------------------------------------------
     0 | D:1      | qw the Deep Elf Hunter began the quest for the Orb.
     0 | D:1      | Reached XP level 1. HP: 12/12 MP: 3/3
     0 | D:1      | 0 ||| qw: Version: 0.3-a-22-g0ed2b0b
     0 | D:1      | 0 ||| qw: Game counter: 5737
     0 | D:1      | 0 ||| qw: Melee chars always use a shield: true
     0 | D:1      | 0 ||| qw: God list: Okawaru
     0 | D:1      | 0 ||| qw: Allow faded altars: false
     0 | D:1      | 0 ||| qw: Do Orc after clearing Dungeon:15 true
     0 | D:1      | 0 ||| qw: Do second Lair branch before Depths: true
     0 | D:1      | 0 ||| qw: Lair rune preference: random
     0 | D:1      | 0 ||| qw: Goals: Normal
     0 | D:1      | 0 ||| PLANNING D:1-11
    37 | D:1      | HP: 3/12 [endoplasm (2)]
    66 | D:1      | 66 ||| FLEEEEING.
    68 | D:1      | 68 ||| FLEEEEING.
    69 | D:1      | 69 ||| FLEEEEING.
    70 | D:1      | 70 ||| FLEEEEING.
    72 | D:1      | Reached XP level 2. HP: 15/16 MP: 4/4
    82 | D:1      | Reached skill level 6 in Ranged Weapons
   465 | D:1      | 465 ||| UPGRADING to +0 ring mail.
   475 | D:1      | 475 ||| DROPPING +0 leather armour.
   476 | D:1      | 476 ||| READING scroll labelled LAUQIS LOGE.
   477 | D:1      | 477 ||| READING 2 scrolls labelled MAPPYR ZEUXAF.
   478 | D:1      | 478 ||| READING scroll labelled YLONULU HOETU.
   479 | D:1      | 479 ||| DROPPING scroll of butterflies.
   580 | D:2      | Reached XP level 3. HP: 20/20 MP: 5/5
   595 | D:2      | Reached skill level 7 in Ranged Weapons
   871 | D:2      | Reached XP level 4. HP: 15/25 MP: 6/6
  1060 | D:2      | 1060 ||| FLEEEEING.
  1061 | D:2      | 1061 ||| FLEEEEING.
  1063 | D:2      | 1063 ||| FLEEEEING.
  1064 | D:2      | 1064 ||| FLEEEEING.
  1065 | D:2      | 1065 ||| FLEEEEING.
  1069 | D:2      | 1069 ||| FLEEEEING.
  1070 | D:2      | 1070 ||| STAIRDANCE
  1101 | D:1      | 1101 ||| UPGRADING to amulet of faith.
  1106 | D:1      | 1106 ||| DROPPING +6 ring of intelligence.
  1107 | D:1      | 1107 ||| READING scroll labelled COTAFOMAOTZ.
  1108 | D:1      | 1108 ||| DRINKING 2 fuming coppery potions.
  1108 | D:1      | Gained mutation: Your spells are a little harder to cast,
                  | but a little more powerful. [potion of mutation]
  1108 | D:1      | Gained mutation: You have a pair of small antennae on your
                  | head. [potion of mutation]
  1108 | D:1      | Gained mutation: Your flesh is heat resistant. (rF+)
                  | [potion of mutation]
  1108 | D:1      | Gained mutation: You have hidden genetic potential. [potion
                  | of mutation]
  1109 | D:1      | 1109 ||| DRINKING 3 viscous cyan potions.
  1110 | D:1      | 1110 ||| READING 2 scrolls of identify.
  1110 | D:1      | 1110 ||| IDENTIFYING clear potion
  1111 | D:1      | 1111 ||| DROPPING 2 potions of degeneration.
  1184 | D:2      | 1184 ||| UPGRADING to +6 ring of strength.
  1280 | D:3      | Noticed qw's ghost (amateur DEHu)
  1289 | D:3      | Found a transporter.
  1305 | D:3      | 1305 ||| Stepping ~*~*~tactically~*~*~ (outnumbered).
  1308 | D:3      | Reached skill level 8 in Ranged Weapons
  1498 | D:3      | Found a transporter.
  1545 | D:3      | Reached XP level 5. HP: 29/29 MP: 7/7
  1817 | D:3      | Gained mutation: You are robust. (+10% HP) [hidden
                  | potential]
  1940 | D:3      | 1940 ||| READING scroll labelled KUCLOL YFYDGHOA.
  1941 | D:3      | 1941 ||| READING scroll labelled ZOMINA BACU.
  1942 | D:3      | 1942 ||| READING scroll labelled SYDUCI QENA.
  1982 | D:4      | Found a shadowy altar of Dithmenos.
  1982 | D:4      | Found a burning altar of Makhleb.
  1983 | D:4      | Found a hazy altar of Hepliaklqana.
  1984 | D:4      | Found a broken altar of Ashenzari.
  1992 | D:4      | Reached skill level 9 in Ranged Weapons
  1992 | D:4      | 1992 ||| FLEEEEING.
  1993 | D:4      | 1993 ||| FLEEEEING.
  1994 | D:4      | 1994 ||| FLEEEEING.
  1995 | D:4      | 1995 ||| FLEEEEING.
  1996 | D:4      | 1996 ||| FLEEEEING.
  1997 | D:4      | 1997 ||| STAIRDANCE
  2027 | D:4      | 2027 ||| STAIRDANCE
  2102 | D:4      | Found a radiant altar of Vehumet.
  2104 | D:4      | Found a bloodstained altar of Trog.
  2114 | D:4      | Noticed a black bear
  2125 | D:4      | HP: 7/33 [black bear (4)]
  2126 | D:4      | 2126 ||| DRINKING potion of heal wounds.
  2131 | D:4      | Killed a black bear
  2132 | D:4      | Reached XP level 6. HP: 21/38 MP: 8/8
  2140 | D:4      | Gained mutation: You are partially covered in iridescent
                  | scales. (AC +2) [hidden potential]
  2140 | D:4      | Lost mutation: You have hidden genetic potential. [hidden
                  | potential expressed]
  2173 | D:4      | 2173 ||| FLEEEEING.
  2181 | D:4      | 2181 ||| STAIRDANCE
  2285 | D:4      | 2285 ||| UPGRADING to +0 ice dragon scales.
  2299 | D:4      | Reached skill level 1 in Armour
  2406 | D:4      | HP: 6/38 [ogre/+0 giant club (32)]
  2408 | D:4      | Mangled by an ogre

Levels and vault maps discovered:
D:1:      dpeg_arrival_simpleton_a, layout_rooms, item_on_display_a
D:2:      layout_basic, minmay_circle_x
D:3:      layout_basic, gammafunk_ghost_arena
D:4:      layout_cave_pools, grunt_temple_overflow_open, serial_glass,
          glass_columns_b, glass_columns_b, glass_columns_a, glass_columns_a,
          glass_columns_a, glass_columns_b

Skill      XL: |  1  2  3  4  5  6 |
---------------+-------------------+-----
Ranged Weapons | 6 7 8 9 |  9.1
Fighting       | 2 |  2.0
Dodging        | 4 |  4.2
Armour         | 1 |  1.7
Stealth        | |  1.2

Action                     |  1- 3 |  4- 6 || total
---------------------------+-------+-------++-------
   Fire: Shortbow          |    86 |   147 ||   233
    Use: Scroll            |     3 |     5 ||     8
         Potion            |       |     3 ||     3
 Armour: Leather armour    |     7 |       ||     7
         Ring mail         |     4 |    19 ||    23
         Ice dragon scales |       |     3 ||     3
  Dodge: Dodged            |    21 |    42 ||    63

Table legend:
 A = Non-vault XP
 B = Vault XP
 C = Vault XP percentage of total XP
 D = Non-vault monster count
 E = Vault monster count
 F = Vault count percentage of total count
                 A         B        C        D         E       F
            +---------+---------+-------+---------+---------+-------
      Total |     596 |      14 |   2.3 |      77 |       6 |   7.2
            +---------+---------+-------+---------+---------+-------
        D:1 |      33 |       0 |   0.0 |      19 |       0 |   0.0
        D:2 |      82 |      14 |  14.6 |      19 |       6 |  24.0
        D:3 |     117 |       0 |   0.0 |      24 |       0 |   0.0
        D:4 |     364 |       0 |   0.0 |      15 |       0 |   0.0
            +---------+---------+-------+---------+---------+-------
